 Dungeon Crawl Stone Soup version 0.22-a0-800-g058c00f (webtiles) character file.

16 zishaf the Firebug (level 2, -2/19 HPs)
             Began as a Barachi Fire Elementalist on July 21, 2018.
             Slain by Terence
             ... wielding a +0 falchion
              (6 damage)
             ... on level 2 of the Dungeon.
             The game lasted 00:02:28 (865 turns).

zishaf the Firebug (Barachi Fire Elementalist)       Turns: 865, Time: 00:02:29

Health: -2/19      AC:  2    Str:  9    XL:     2   Next: 58%
Magic:  0/5        EV: 12    Int: 15    God:
Gold:   71         SH:  0    Dex: 12    Spells: 2/5 levels left

rFire    . . .     SeeInvis .   h - +0 club
rCold    . . .     Gourm    .   (no shield)
rNeg     . . .     Faith    .   a - +0 robe
rPois    .         Spirit   .   (no helmet)
rElec    .         Reflect  .   (no cloak)
rCorr    .         Harm     .   (no gloves)
MR       .....                  (no boots)
Stlth    ++........             (no amulet)
HPRegen  0.06/turn              (no ring)
MPRegen  0.09/turn              (no ring)

@: can't hop, slow
A: +LOS, swims, slowness 1, strong legs 1
a: Hop


You were on level 2 of the Dungeon.
You were hungry.

You visited 1 branch of the dungeon, and saw 2 of its levels.

You collected 71 gold pieces.

Inventory:

Hand Weapons
 h - a +0 club (weapon)
Armour
 a - a +0 robe (worn)
Scrolls
 d - 2 scrolls of teleportation {unknown}
 f - a scroll of enchant weapon {unknown}
 i - a scroll of identify {unknown}
 j - a scroll of fog {unknown}
Potions
 b - 3 potions of haste {unknown}
 e - a potion of berserk rage {unknown}
 k - 2 potions of mutation {unknown}
 l - a potion of curing {unknown}
Comestibles
 c - 4 rations
 g - a chunk of flesh


   Skills:
 + Level 2.5 Dodging
 - Level 1.7 Stealth
 + Level 2.4 Spellcasting
 + Level 1.6 Conjurations
 + Level 3.5 Fire Magic


You had 2 spell levels left.
You knew the following spells:

 Your Spells              Type           Power        Failure   Level  Hunger
a - Flame Tongue          Conj/Fire      #....        8%          1    #......
b - Throw Flame           Conj/Fire      #.....       11%         2    ###....

Your spell library contained the following spells:

 Spells                   Type           Power        Failure   Level  Hunger
 Fireball                 Conj/Fire      #.........   90%         5    ######.
 Conjure Flame            Conj/Fire      #.......     22%         3    ###....
 Sticky Flame             Conj/Fire      #.......     58%         4    #####..
 Inner Flame              Hex/Fire       #.......     30%         3    ###....


Dungeon Overview and Level Annotations

Branches:
Dungeon (2/15)

Altars:

Annotations:
D:2 Terence


Innate Abilities, Weirdness & Mutations

Shadows flee at your approach. (+LOS)
You can swim through water.
You cover ground slowly.
You can hop short distances.


Message History

The flame tongue hits Terence.
Terence appears unharmed.
Terence is severely wounded.
Terence hits you with a falchion.
* * * LOW HITPOINT WARNING * * *
Hop to where?
Press: ? - help, Dir - move target cursor, p - Terence Boing!
Terence shouts, "Now you die!"
Casting: Flame Tongue (safe; 8% risk of failure)
Confirm with . or Enter, or press ? or * to list all spells.
Aiming: Flame Tongue (safe; 8% risk of failure)
Press: ? - help, Shift-Dir - straight line, f - Terence
Aim: Terence, wielding a falchion and wearing a chain mail (severely wounded)
The flame tongue hits Terence.
Terence appears unharmed.
Terence is severely wounded.
Terence hits you but does no damage.
You barely miss Terence.
Terence is severely wounded.
Terence hits you with a falchion.
You die...

### ..# #.# #.#
#@# #@# #.# #.#
#### #.# #..( #.#
#.##
#.#############.##
#....<..........##
####..#...........


You could see Terence.

Vanquished Creatures
  2 giant cockroaches (D:1)
  A hobgoblin (D:1)
  4 kobolds
  A ball python (D:1)
  2 bats
  2 frilled lizards
  5 rats (D:1)
17 creatures vanquished.

Notes
Turn   | Place    | Note
-------+----------+-------------------------------------------
     0 | D:1      | zishaf the Barachi Fire Elementalist began the quest for the Orb.
     0 | D:1      | Reached XP level 1. HP: 13/13 MP: 3/3
   302 | D:1      | Reached XP level 2. HP: 19/19 MP: 0/5
   352 | D:1      | Learned a level 2 spell: Throw Flame
   797 | D:2      | Noticed Terence
   865 | D:2      | Slain by Terence

Vault maps used:
D:1:      grunt_arrival_lava_bath, dk_noncrumbling_3
D:2:      uniq_terence

Action                   || total
-------------------------++-------
Melee: Club              ||    18
       Unarmed           ||     1
 Cast: Flame Tongue      ||    30
 Abil: Hop               ||     3
Armor: Robe              ||     8
Dodge: Dodged            ||    27

Table legend:
 A = Spawn XP
 B = Non-spawn XP
 C = Spawn XP percentage of total XP
 D = Spawn monster count
 E = Non-spawn monster count
 F = Spawn count percentage of total count
 G = Total turns spent on level
                    A         B        C        D         E        F      G
               +---------+---------+-------+---------+---------+-------+---------
         Total |       0 |      24 |   0.0 |       0 |      17 |   0.0 |   865
               +---------+---------+-------+---------+---------+-------+---------
           D:1 |       0 |      18 |   0.0 |       0 |      13 |   0.0 |   794
           D:2 |       0 |       6 |   0.0 |       0 |       4 |   0.0 |    71
               +---------+---------+-------+---------+---------+-------+---------
